 Seeded DCSS version 0.29-a0-892-g2c4c91d9db (webtiles) character file.

Game seed: 7647296189204967450 (custom seed)

993 Kazon the Slasher (level 7, -5/47 (54) HPs)
             Began as a Vampire Fighter on July 22, 2022.
             Was a Follower of Makhleb.
             Slain by a wight
             ... wielding a +3 war axe
              (9 damage)
             ... on level 6 of the Dungeon on July 27, 2022.
             The game lasted 00:24:32 (4866 turns).

Kazon the Slasher (Vampire Fighter)                 Turns: 4866, Time: 00:24:33

HP:   -5/47 (54)    AC:  9    Str: 17    XL:     7   Next: 98%
MP:   0/8           EV: 12    Int: 11    God:    Makhleb [*.....]
Gold: 278           SH:  5    Dex: 16    Spells: 6/6 levels left

rFire   + . .      SeeInvis +   a - +0 long sword
rCold   + . .      Faith    .   c - +0 buckler
rNeg    . . .      Spirit   +   r - +1 leather armour "Nyud" {rPois rF+ Will- Dex+3}
rPois   +          Reflect  .   (no helmet)
rElec   .          Harm     .   z - +1 cloak
rCorr   +          Rampage  +   s - +0 pair of gloves
Will    .....                   e - +1 pair of boots {rampage}
Stlth   ++........              p - amulet of guardian spirit
HPRegen 0.35/turn               A - ring of resist corrosion
MPRegen 0.11/turn               H - ring of protection from cold

@: healing quickly, heavily drained
A: alive, fangs 3, see invisible, vampiric 2
a: Exsanguinate, Renounce Religion


You were on level 6 of the Dungeon.
You worshipped Makhleb.
Makhleb was aware of your devotion.
You visited 1 branch of the dungeon, and saw 6 of its levels.

You collected 435 gold pieces.
You spent 157 gold pieces at shops.

Inventory:

Hand Weapons
 a - a +0 long sword (weapon)
 u - a +0 dagger of venom
Missiles
 i - 29 stones (quivered)
 l - 6 javelins
 n - a throwing net
 B - 17 poisoned darts
 I - 4 boomerangs
Armour
 b - a +0 scale mail
 c - a +0 buckler (worn)
 e - a +1 pair of boots of rampaging (worn)
 r - the +1 leather armour "Nyud" (worn) {rPois rF+ Will- Dex+3}
   (You found it on level 2 of the Dungeon)

   Dex:       It affects your dexterity (+3).
   rF:        It protects you from fire.
   rPois:     It protects you from poison.
   Will:      It decreases your willpower.
 s - a +0 pair of gloves (worn)
 z - a +1 cloak (worn)
Jewellery
 g - a ring of fire
 p - an amulet of guardian spirit (around neck)
 A - a ring of resist corrosion (left hand)
 H - a ring of protection from cold (right hand)
Scrolls
 j - 2 scrolls of teleportation
 k - a scroll of identify
 m - a scroll of torment {unknown}
 o - 2 scrolls of blinking {unknown}
 q - a scroll of poison {unknown}
 t - a scroll of summoning {unknown}
 y - a scroll of butterflies {unknown}
 D - 2 scrolls of noise {unknown}
 G - 2 scrolls of amnesia {unknown}
 J - a scroll of fear {unknown}
Potions
 d - 3 potions of might
 f - a potion of berserk rage
 h - 2 potions of haste
 v - a potion of mutation
 w - a potion of curing
 x - a potion of brilliance {unknown}
 C - a potion of cancellation {unknown}
 E - a potion of resistance {unknown}
 F - 2 potions of heal wounds {unknown}


   Skills:
 + Level 4.0 Fighting
 + Level 2.5(4.0) Short Blades
 + Level 4.3(4.6) Long Blades
 + Level 1.9 Throwing
 + Level 3.5 Armour
 + Level 3.5 Dodging
 + Level 3.2 Stealth
 + Level 3.9 Shields
 * Level 2.0 Invocations


You had 6 spell levels left.
You didn't know any spells.
Your spell library contained the following spells:

 Spells                   Type           Power      Damage    Failure   Level
 Blink                    Tloc           0%         N/A       63%         2
 Gell's Gravitas          Tloc           0%         N/A       86%         3
 Lesser Beckoning         Tloc           0%         N/A       86%         3
 Teleport Other           Tloc           0%         N/A       86%         3
 Manifold Assault         Tloc           0%         N/A       100%        5


Dungeon Overview and Level Annotations

Branches:
Dungeon (6/15)             Temple (0/1) D:5

Altars:
Cheibriados
Kikubaaqudgha
Makhleb
Qazlal
Yredelemnul

Shops:
D:1 ?   D:3 *   D:5 *:?

Portals:
Abyss: D:5

Annotations:
D:5 2 transporters, audacious124's ghost, amateur DjEE


Innate Abilities, Weirdness & Mutations

Your natural rate of healing is accelerated.
You have razor-sharp teeth.
You have supernaturally acute eyesight. (SInv)
You are afflicted with vampirism and can become a bat while bloodless.


Message History

You block the wight's attack. The wight hits you with a +3 war axe!
You closely miss the wight.
The wight is heavily damaged.
You block the wight's attack.
You hit the wight but do no damage. You bite the wight.
The wight is heavily damaged.
The wight hits you but does no damage.
You closely miss the wight.
The wight is heavily damaged.
The wight barely misses you.
You closely miss the wight.
The wight is heavily damaged.
You block the wight's attack. The wight hits you with a +3 war axe!
You closely miss the wight. Your bite misses the wight.
The wight is heavily damaged.
The wight barely misses you.
You hit the wight but do no damage. You bite the wight, but do no damage.
The wight is heavily damaged.
The wight barely misses you.
You hit the wight.
The wight is severely damaged.
The wight hits you with a +3 war axe!
You feel drained.
You closely miss the wight.
The wight is severely damaged.
You block the wight's attack. The wight hits you with a +3 war axe.
You feel drained.
You hit the wight.
The wight is almost destroyed.
The wight hits you with a +3 war axe!
You feel drained.
* * * LOW HITPOINT WARNING * * *
You hit the wight.
The wight is almost destroyed.
The wight hits you with a +3 war axe!
* * * LOW HITPOINT WARNING * * *
You feel drained.
* * * LOW HITPOINT WARNING * * *
You completely miss the wight.
The wight is almost destroyed.
The wight hits you with a +3 war axe!
You die...

............# ............#
...(........# ........>...#
............# ##..........#
#..........# #########z##
#@#############
#...).........#
######################.#
#...#......# #.#
#.#.#.####.# #.# #.#.#.#
#.# #.# #.#.#.#
#.###########.# #.#.#.#
#...))).......#
#.#.#.#####################


You could see a wight.

Vanquished Creatures
  2 black bears (D:5)
  A phantom (D:4)
  2 necrophages
  A wight (D:6)
  3 hounds (D:5)
  A jelly (D:5)
  A gnoll bouda (D:6)
  An orc priest (D:3)
  2 orc wizards (D:3)
  2 iguanas (D:5)
  8 gnolls
  11 adders
  A shadow imp (D:5)
  2 ufetubi (D:5)
  2 worms
  2 dart slugs
  7 orcs
  9 ball pythons
  6 bats
  8 endoplasms
  2 giant cockroaches (D:1)
  8 goblins
  4 hobgoblins
  6 jackals
  6 quokkas
  4 frilled lizards
  7 kobolds
  7 rats
116 creatures vanquished.

Vanquished Creatures (others)
  2 withered plants (D:1)
2 creatures vanquished.

Grand Total: 118 creatures vanquished

Notes
Turn   | Place    | Note
-------+----------+-------------------------------------------
     0 | D:1      | Kazon the Vampire Fighter began the quest for the Orb.
     0 | D:1      | Reached XP level 1. HP: 17/17 MP: 1/1
     2 | D:1      | Noticed a demigod
     2 | D:1      | Noticed an ogre
     4 | D:1      | Noticed a merfolk
     9 | D:1      | Noticed a formicid
     9 | D:1      | Noticed a ghoul
    11 | D:1      | Noticed a minotaur
    13 | D:1      | Noticed a troll
    13 | D:1      | Noticed a tengu
    15 | D:1      | Noticed a draconian
    15 | D:1      | Noticed a naga
    17 | D:1      | Noticed a vampire
    17 | D:1      | Noticed a dwarf
    19 | D:1      | Noticed a felid
    19 | D:1      | Noticed a human
    21 | D:1      | Noticed a spriggan
    23 | D:1      | Noticed a demonspawn
    23 | D:1      | Noticed a gargoyle
    25 | D:1      | Noticed an elf
    25 | D:1      | Noticed an octopode
    27 | D:1      | Noticed a vine stalker
    81 | D:1      | Reached XP level 2. HP: 23/23 MP: 2/2
   116 | D:1      | Identified a scroll of acquirement
   116 | D:1      | Acquired a +1 pair of boots of rampaging
   404 | D:1      | Found Pam Kegh's Magic Scroll Boutique.
   418 | D:1      | Gained mutation: You are afflicted with vampirism and can
                  | become a bat while bloodless. [Vampire growth]
   418 | D:1      | Reached XP level 3. HP: 29/29 MP: 3/3
   428 | D:1      | Bought a scroll of teleportation for 30 gold pieces
   428 | D:1      | Bought a scroll of identify for 20 gold pieces
   428 | D:1      | Bought a scroll of identify for 20 gold pieces
   428 | D:1      | Bought a scroll of identify for 20 gold pieces
   428 | D:1      | Bought a scroll of identify for 20 gold pieces
   466 | D:1      | Found a faded altar of an unknown god.
   583 | D:1      | Bought a scroll of identify for 20 gold pieces
   861 | D:2      | Reached XP level 4. HP: 11/35 MP: 4/4
   864 | D:2      | HP: 1/35 [gnoll/+0 flail (5)]
  1200 | D:2      | Reached skill level 1 in Dodging
  1381 | D:2      | Identified the +1 leather armour "Nyud" {rPois rF+ Will-
                  | Dex+3}
  1783 | D:3      | Found a stormy altar of Qazlal.
  1799 | D:3      | Reached XP level 5. HP: 39/41 MP: 5/5
  1833 | D:3      | Found a snail-covered altar of Cheibriados.
  1897 | D:3      | Found Roxyl's Assorted Antiques.
  1948 | D:3      | Bought a fuming clear potion for 27 gold pieces
  2785 | D:4      | Noticed a phantom
  2799 | D:4      | Killed a phantom
  2800 | D:4      | Reached skill level 1 in Short Blades
  2800 | D:4      | Reached skill level 1 in Stealth
  2800 | D:4      | Reached XP level 6. HP: 47/47 MP: 6/6
  2961 | D:4      | Found a burning altar of Makhleb.
  2981 | D:4      | Reached skill level 1 in Throwing
  2988 | D:4      | Became a worshipper of Makhleb the Destroyer
  3832 | D:5      | Entered Level 5 of the Dungeon
  3847 | D:5      | Found a staircase to the Ecumenical Temple.
  3871 | D:5      | Found an ancient bone altar of Kikubaaqudgha.
  3893 | D:5      | Found a transporter.
  3905 | D:5      | Found a one-way gate to the infinite horrors of the Abyss.
  3905 | D:5      | Found a transporter.
  3905 | D:5      | Noticed audacious124's ghost (amateur DjEE)
  4051 | D:5      | Reached XP level 7. HP: 49/53 MP: 7/7
  4084 | D:5      | Reached skill level 1 in Invocations
  4366 | D:5      | Found Raus Jis's Book Boutique.
  4368 | D:5      | Found Waron's General Store.
  4370 | D:5      | Found Ziewk's Magic Scroll Boutique.
  4371 | D:5      | Found Zemmuamp's Book Boutique.
  4513 | D:5      | Found a basalt altar of Yredelemnul.
  4807 | D:6      | Reached * piety under Makhleb
  4866 | D:6      | Slain by a wight

Illustrated notes

Levels and vault maps discovered:
D:1:      kb_arrival_jail, layout_basic, serial_shops, shop,
          ebering_ecumenical_altar_petrified
D:2:      layout_basic, minmay_pentomino_v2
D:3:      kennysheep_six_static_rooms, layout_basic,
          mainiacjoe_overflow_cross_hatched,
          chequers_temple_overflow_statue_of_worship, serial_shops,
          nicolae_lakefront_shop
D:4:      layout_basic, mainiacjoe_overflow_small_starburst,
          mainiacjoe_overflow_brackets, grunt_decor_clamped
D:5:      layout_cave_pools, kiku_gazebo_pond_becter, mainiacjoe_overflow_paths,
          minmay_temple_entry_sparse_star, gammafunk_ghost_abyssal_escape,
          minmay_shop_grid_forest, hex_large
D:6:      layout_basic, pdpol_wu_jian_five_deadly_venoms,
          chequers_hall_statues_y, minmay_manual_mail

Skill      XL: |  1  2  3  4  5  6  7 |
---------------+----------------------+-----
Fighting       | 3 4 |  4.0
Shields        | 3 |  3.9
Long Blades    | 3 4 |  4.3
Armour         | 3 |  3.5
Dodging        | 1 3 |  3.5
Short Blades   | 1 2 |  2.5
Stealth        | 1 2 3 |  3.2
Throwing       | 1 |  1.9
Invocations    | 2 |  2.0

Action                   |  1- 3 |  4- 6 |  7- 9 || total
-------------------------+-------+-------+-------++-------
Melee: Long sword        |   145 |    68 |    27 ||   240
       Bite              |    12 |    24 |    17 ||    53
       Dagger            |       |   147 |   112 ||   259
Throw: Stone             |    12 |    42 |    14 ||    68
  Use: Scroll            |     1 |     5 |     1 ||     7
 Stab: Sleeping          |       |     6 |     2 ||     8
Armor: Scale mail        |    75 |     6 |       ||    81
       Leather armour    |       |    53 |    28 ||    81
Dodge: Dodged            |    65 |    90 |    67 ||   222
Block: Buckler           |    45 |    47 |    31 ||   123

Table legend: (Time is in decaauts)
 A = Elapsed time spent in this place.
 B = Non-inter-level travel time spent in this place.
 C = Inter-level travel time spent in this place.
 D = Time resting spent in this place.
 E = Time spent auto-exploring this place.
 F = Levels seen in this place.
 G = Mean time per level.
                   A        B        C        D        E       F      G
               +--------+--------+--------+--------+--------+-----+--------+
         Total |   4908 |   4634 |    274 |      0 |   1900 |   6 |  818.0 |
       Dungeon |   4908 |   4634 |    274 |      0 |   1900 |   6 |  818.0 |
               +--------+--------+--------+--------+--------+-----+--------+

Top non-repeatable levels by time:
     D:4: 1105 daAuts
     D:2: 1072 daAuts
     D:3: 982 daAuts
     D:5: 782 daAuts
     D:1: 726 daAuts
     D:6: 238 daAuts
